Cogmind - Beta 16 @@@ ROGUE MODE // 2025.11.24 @ 01:58:54 Player: Vriska Result: Destroyed by Shrapnel Trap Performance ------------- Evolutions (0) 0 Regions Visited (3) 600 Robots Destroyed (25) 125 Value Destroyed (671) 671 Prototype IDs (0) 0 Alien Tech Used (0) 0 Bonus (-96) -96 TOTAL SCORE: 1300 Bonus ------- Friendly Fire -96 Cogmind --------- Core Integrity 0/250 Matter 204/300 Energy 123/125 System Corruption 0% Temperature Cool (0) Movement Rolling (110) Location -10/Subcaves Parts ------- > --- POWER (1) -------- Light Ion Engine > --- PROPULSION (2) --- Subdweller Monowheel Subdweller Monowheel > --- UTILITY (2) ------ Signal Interpreter > --- WEAPON (2) ------- Subdweller Shrapnel Launcher > --- INVENTORY (5) ---- Ion Engine Grenade Launcher Peak State ------------ > --- POWER ------------ Light Nuclear Core > --- PROPULSION ------- Light Treads > --- UTILITY ---------- Signal Interpreter Targeting Computer > --- WEAPON ----------- Grenade Launcher Plasma Flamer > --- INVENTORY -------- Ion Engine Light Ion Engine Signal Interpreter [Rating: 12] Favorites ----------- Power Light Ion Engine Engine Light Ion Engine Power Core Light Nuclear Core Propulsion Light Treads Treads Light Treads Wheel Subdweller Monowheel Utility Targeting Computer Device Seismic Detector Processor Targeting Computer Protection Scrap Shield Weapon Grenade Launcher Ballistic Gun Light Assault Rifle Launcher Grenade Launcher Special Weapon Plasma Flamer Build | -11 -10 -10 -10 ------- Run | Yrd Mat Min Sub Slots Evolved . | . . . . Power . | . . . . Propulsion . | . . . . Utility . | . . . . Weapon . | . . . . Parts Attached 27 | 5 14 2 6 Power 4 | 1 2 1 . Engine 3 | 1 1 1 . Core 1 | . 1 . . Reactor . | . . . . Propulsion 7 | 2 3 . 2 Treads 3 | . 3 . . Leg . | . . . . Wheel 4 | 2 . . 2 Hover . | . . . . Flight . | . . . . Utility 5 | . 3 . 2 Device 1 | . 1 . . Storage . | . . . . Processor 3 | . 2 . 1 Hackware . | . . . . Protection 1 | . . . 1 Artifact . | . . . . Weapon 11 | 2 6 1 2 Energy Gun . | . . . . Energy Cannon . | . . . . Ballistic Gun 7 | 2 4 . 1 Ballistic Cannon . | . . . . Launcher 3 | . 2 . 1 Special Weapon 1 | . . 1 . Impact Weapon . | . . . . Slashing Weapon . | . . . . Piercing Weapon . | . . . . Special Melee Weapon . | . . . . Unidentified Prototypes . | . . . . Parts Lost 5 | . 4 . 1 Power 2 | . 2 . . Propulsion 1 | . 1 . . Utility 1 | . . . 1 Weapon 1 | . 1 . . Highest Loss Streak 2 | . 2 . 1 To Critical Strikes . | . . . . Average Backups 2 | . 3 2 2 Power 1 | . 1 1 1 Propulsion . | . . . . Utility . | . . 1 . Weapon . | . . . . Tool/Special . | . . . . Unused Backups 1 | . . . 1 Power 1 | . . . 1 Propulsion . | . . . . Utility . | . . . . Weapon . | . . . . Tool/Special . | . . . . Average Slot Usage (%) 78 | . 86 85 64 Engine 12 | . 8 12 14 Core 1 | . 3 1 . Treads 14 | . 17 14 11 Wheel 2 | . 4 . 4 Device 1 | . 7 . . Processor 17 | . 19 28 2 Protection 3 | . . . 9 Ballistic Gun 8 | . 22 . 8 Launcher 10 | . 2 14 12 Special Weapon 6 | . . 13 . Peak Build Rating 12 | 5 8 12 12 Average Rating 8 | 3 6 9 8 On Entrance 5 | . 5 8 10 Avg Prop Armor Cover (%) . | . . . . Naked Turns . | . . . . Heaviest Build 33 | 9 10 11 33 Greatest Support 40 | 20 40 20 40 Greatest Overweight (x) 2 | . 2 . 1 Average Overweight (x) . | . . . . Largest Inventory Capacity 5 | 5 5 5 5 Average Capacity 5 | 5 5 5 5 Most Carried 5 | 2 5 5 5 Average Carried 3 | 1 3 4 2 Final Capacity 5 | 5 5 5 5 Final Carried 5 | 1 3 5 2 Class Distribution -------------------- 84% | Mutant 15% | Subdweller-Mutant Dominant Class ---------------- Mutant | -10/Materials Mutant | -10/Mines Mutant | -10/Subcaves Resources | -11 -10 -10 -10 ----------- Run | Yrd Mat Min Sub Matter Collected 798 | 196 336 123 143 Remotely . | . . . . Salvage Created 623 | . 376 191 56 Parts 43 | . 28 12 3 Haulers Intercepted . | . . . . Recyclers Shooed . | . . . . Parts Field Recycled . | . . . . Retrieved Matter . | . . . . Parts Self-Destructed 3 | . . . 3 Prevented . | . . . . Parts Restored . | . . . . Kills | -11 -10 -10 -10 ------- Run | Yrd Mat Min Sub Combat Hostiles Destroyed 22 | . 13 6 3 Guns 14 | . 13 . 1 AOE 8 | . . 6 2 Classes Destroyed 5 | . 4 . 1 Worker 2 | . 1 1 . Watcher 1 | . 1 . . Swarmer 8 | . 8 . . Grunt 12 | . 5 6 1 Subdweller 2 | . . . 2 Best Kill Streak 4 | . 4 3 2 Combat Bots Only 4 | . 4 2 2 Max Kills in Single Turn 2 | . 1 2 1 Gunslinging . | . . . . Exploded 1 | . . 1 1 Melee . | . . . . Uniques/NPCs Destroyed . | . . . . Combat | -11 -10 -10 -10 -------- Run | Yrd Mat Min Sub Hostile Shots Fired 146 | . 108 17 21 Missed 47 | . 30 10 7 Hits 99 | . 78 7 14 Projectile 99 | . 78 7 14 Critical Strikes 1 | . . . 1 Damage Taken 1407 | . 809 94 504 Core 252 | . 184 12 56 Absorbed by Shields . | . . . . Core Remaining (%) 100 | 100 . . . Volleys Fired 81 | . 51 10 20 Largest 2 | . 2 2 2 Hottest 100 | . 50 50 100 Shots Fired 116 | . 84 12 20 Gun 92 | . 83 2 7 Cannon . | . . . . Launcher 18 | . 1 10 7 Special 6 | . . . 6 Kinetic 99 | . 83 2 14 Thermal 6 | . . . 6 Explosive 11 | . 1 10 . Electromagnetic . | . . . . Robot Hit Streak 13 | . 13 4 11 Robot Miss Streak 5 | . 5 2 1 Penetration Max . | . . . . Secondary Targets 4 | . 4 . . Max Gunslinging Chain 1 | . 1 . . Shots Hit Robots 72 | . 54 5 13 Core Hits 41 | . 22 15 4 Critical Kills . | . . . . Critical Parts Destroyed 1 | . 1 . . Critical Strikes 1 | . 1 . . Destroy 1 | . 1 . . Melee Attacks . | . . . . Impact . | . . . . Slashing . | . . . . Piercing . | . . . . Sneak Attacks . | . . . . Combat Hostiles . | . . . . Follow-up Attacks . | . . . . Damage Inflicted 1646 | . 575 521 550 Guns 704 | . 575 6 123 Cannons . | . . . . Explosions 914 | . . 515 399 Melee . | . . . . Ramming . | . . . . Kinetic 1103 | . 575 6 522 Thermal 28 | . . . 28 Explosive 515 | . . 515 . Electromagnetic . | . . . . Impact . | . . . . Slashing . | . . . . Piercing . | . . . . Highest Corruption . | . . . . Average Corruption . | . . . . Corruption Purged . | . . . . Corruption Blocked . | . . . . Overload Shots . | . . . . Overflow Damage 4 | . . . 4 Projectiles . | . . . . Explosions 4 | . . . 4 Melee . | . . . . Knockbacks . | . . . . Impact . | . . . . Kinetic . | . . . . Secondary . | . . . . Self-Inflicted Damage 65 | . . . 65 Shots 4 | . . . 4 Rammed . | . . . . Targets Rammed . | . . . . Kicked . | . . . . Crushed . | . . . . Highest Temperature 40 | . 14 20 40 Average Temperature 10 | . 4 7 21 Received Heat Transfer 363 | . 249 51 63 Siege Activations . | . . . . Martial Activations . | . . . . Shielding Activations . | . . . . Robots Disrupted . | . . . . Combat Hostiles . | . . . . Robots Corrupted . | . . . . Combat Hostiles . | . . . . Parts Fried . | . . . . Impact Corruptions . | . . . . Robots Melted . | . . . . Combat Hostiles . | . . . . Parts Melted . | . . . . Heat Transferred 160 | . . . 160 Parts Sabotaged . | . . . . Parts Stolen . | . . . . Parts Stripped . | . . . . Power Chain Reactions . | . . . . Alert | -11 -10 -10 -10 ------- Run | Yrd Mat Min Sub Maximum Alert Level . | . . . . Low Security (%) 100 | 100 100 100 . Level 1 . | . . . . Level 2 . | . . . . Level 3 . | . . . . Level 4 . | . . . . Level 5 . | . . . . High Security . | . . . . Max Security . | . . . . Peak Influence 147 | . 147 80 . Initial . | . . . . Average 25 | . 57 11 . Influence Increases 587 | . 346 211 30 Destroy 0b10 Robot/C 400 | . 260 120 20 Destroy 0b10 Robot/NC 15 | . 10 5 . Destroy Leader 92 | . 52 30 10 Disable Machine 30 | . 15 15 . Destroy Structure 50 | . 9 41 . Influence Decreases 587 | . 346 211 30 Time Decay 547 | . 306 211 30 Lost Part 40 | . 40 . . Squads Dispatched 3 | . 3 . . Investigation 1 | . 1 . . Extermination . | . . . . Reinforcement 2 | . 2 . . Assault . | . . . . Garrison . | . . . . Intercept . | . . . . Searches Triggered . | . . . . Construction Impeded . | . . . . Haulers Reinforced . | . . . . Active Scanning Responses . | . . . . Cargo Convoy Interrupts . | . . . . Stealth | -11 -10 -10 -10 --------- Run | Yrd Mat Min Sub Distress Signals . | . . . . Communications Jammed . | . . . . Distress Signals . | . . . . Times Spotted 38 | . 23 6 9 Peak Tracking Total 6 | . 6 2 2 Tactical Retreats . | . . . . Traps | -11 -10 -10 -10 ------- Run | Yrd Mat Min Sub Traps Triggered 4 | . 3 . 1 Indirectly . | . . . . Trap Hack Attempts . | . . . . Triggered . | . . . . Disarmed . | . . . . Reprogrammed . | . . . . Reused . | . . . . Traps Extracted . | . . . . Installed . | . . . . Triggered . | . . . . Most Traps Carried 3 | . . 3 3 Machines | -11 -10 -10 -10 ---------- Run | Yrd Mat Min Sub Machines Disabled 2 | . 1 1 . Max in Single Turn 1 | . 1 1 . Machines Repaired . | . . . . Machines Dismantled . | . . . . Machines Sabotaged . | . . . . Overloaded Fab Kills . | . . . . Hacking | -11 -10 -10 -10 --------- Run | Yrd Mat Min Sub Machines Accessed 1 | . . . 1 Terminals . | . . . . Fabricators . | . . . . Repair Stations . | . . . . Recycling Units . | . . . . Scanalyzers . | . . . . Garrison Access . | . . . . Total Hacks 4 | . . . 4 Successful 4 | . . . 4 Failed . | . . . . Catastrophic . | . . . . Database Lockouts . | . . . . Manual . | . . . . Terminals . | . . . . Fabricators . | . . . . Repair Stations . | . . . . Recycling Units . | . . . . Scanalyzers . | . . . . Garrison Access . | . . . . Terminal Hacks 4 | . . . 4 Record 4 | . . . 4 Fabricator Hacks . | . . . . Repair Station Hacks . | . . . . Recycling Unit Hacks . | . . . . Scanalyzer . | . . . . Garrison Access Hacks . | . . . . Unauthorized Hacks . | . . . . Terminals . | . . . . Fabricators . | . . . . Repair Stations . | . . . . Recycling Units . | . . . . Scanalyzers . | . . . . Garrison Access . | . . . . Data Cores Recovered . | . . . . Used . | . . . . Hacking Detections . | . . . . Full Trace Events . | . . . . Feedback Events . | . . . . Feedback Blocked . | . . . . Robot Schematics Acquired . | . . . . Robots Built . | . . . . Authchips . | . . . . Time . | . . . . Total Robot Build Rating . | . . . . Part Schematics Acquired . | . . . . Parts Built . | . . . . Authchips . | . . . . Time . | . . . . Total Part Build Rating . | . . . . Part Studies Acquired . | . . . . Parts Repaired . | . . . . Time . | . . . . Parts Recycled . | . . . . Recycled Matter . | . . . . Retrieved Matter . | . . . . Retrieved Components . | . . . . Parts Scanalyzed . | . . . . Part Schematics Acquired . | . . . . Parts Damaged . | . . . . Bothacking | -11 -10 -10 -10 ------------ Run | Yrd Mat Min Sub Used RIF Installer . | . . . . Robots Hacked . | . . . . Non-combat . | . . . . Combat . | . . . . Robot Hacks Applied . | . . . . Relay Couplers Released . | . . . . Fabnet Peak Effective % . | . . . . Robots Rewired . | . . . . Allies Hacked . | . . . . Hacks Repelled . | . . . . Allies | -11 -10 -10 -10 -------- Run | Yrd Mat Min Sub Total Allies . | . . . . Largest Group . | . . . . Highest-Rated Group . | . . . . Highest-Rated Ally . | . . . . Total Orders . | . . . . Ally Attacks . | . . . . Total Damage . | . . . . Kills . | . . . . Allies Corrupted . | . . . . Allies Melted . | . . . . Intel | -11 -10 -10 -10 ------- Run | Yrd Mat Min Sub Active Infowar (turns) 390 | . 390 . . Seismic 390 | . 390 . . Robot Analysis Total . | . . . . Derelict Logs Recovered 2 | . . 2 . Drone Launches . | . . . . Drone Recoveries . | . . . . Exploration | -11 -10 -10 -10 ------------- Run | Yrd Mat Min Sub Turns Passed 3366 | 30 724 1544 1068 Spaces Moved 1855 | 28 368 926 533 Core 8 | 4 4 . . Treads 1608 | . 304 926 378 Legs . | . . . . Wheels 239 | 24 60 . 155 Hover . | . . . . Flight . | . . . . Fastest Speed 50 | 50 50 160 110 Average Speed 164 | 75 146 160 188 Slowest Speed 240 | 80 160 160 240 Overloaded Moves . | . . . . Propulsion Burnouts . | . . . . Robots Hopped . | . . . . Potential Cave-ins . | . . . . Cave-ins Triggered . | . . . . Exploration Rate (%) 53 | 4 74 101 35 Regions Visited 3 Branch Regions 2 Pre-discovered Areas 3 | . . 2 1 Known Exits Taken 2 | . 1 1 . Unknown Exits Taken 1 | 1 . . . Scrap Searched 3 | . . 1 2 Spaces Dug 9 | . 9 . . Terrain Destroyed 149 | . 9 57 83 Melee . | . . . . Projectile . | . . . . AOE 149 | . 9 57 83 Terrain Rammed . | . . . . Walls Destroyed . | . . . . Machines Disabled . | . . . . Actions | -11 -10 -10 -10 --------- Run | Yrd Mat Min Sub Total 2070 | 34 478 978 580 Wait 66 | . 29 35 2 Move 1852 | 27 367 925 533 Hop . | . . . . Pick Up 21 | 2 10 4 5 Fast Attach 13 | 4 6 . 3 Attach 14 | 1 8 2 3 Detach 1 | . . . 1 Swap . | . . . . Drop 20 | . 7 2 11 Fire 81 | . 51 10 20 Melee . | . . . . Ram . | . . . . Kick . | . . . . Crush . | . . . . Escape Stasis . | . . . . Rewire . | . . . . Trap . | . . . . Miscellaneous 2 | . . . 2 Route ------- -11/Scrapyard -10/Materials (discovered 3 exits: *Mat x2 / *Min) -10/Mines (discovered 3 exits: *Mat x2 / *Sub) -10/Subcaves History --------- Turn | Location | Event 20 | -11/Scrapyard | Discovered new exit (range 15) 31 | -11/Scrapyard | Entered Materials 127 | -10/Materials | Discovered new exit (range 15) 252 | -10/Materials | Discovered new exit (range 4) 311 | -10/Materials | Build established: Mutant 543 | -10/Materials | Core integrity fell below 50% 569 | -10/Materials | Discovered new exit (range 4) 602 | -10/Materials | Identified exit to Materials 749 | -10/Materials | Identified exit to Mines 755 | -10/Materials | Entered Mines 841 | -10/Mines | A weapon hastily lodged in a ceiling crevice suddenly fell to the ground 848 | -10/Mines | Learned 2 Materials zone layouts 874 | -10/Mines | Found a hidden stash of uninstalled traps 1085 | -10/Mines | Learned location of Recycling (-9) 1119 | -10/Mines | Learned location of Storage (-9) 1131 | -10/Mines | Discovered exit to Materials (range 8) 1304 | -10/Mines | Discovered exit to Materials (range 13) 2246 | -10/Mines | Discovered new exit (range 7) 2259 | -10/Mines | Identified exit to Subcaves 2299 | -10/Mines | Entered Subcaves 2673 | -10/Subcaves | Visited Clippyterm 2680 | -10/Subcaves | Learned location of Deep Caves (-6) 2817 | -10/Subcaves | Build established: Subdweller-Mutant 2997 | -10/Subcaves | A swath of the cavern ceiling suddenly collapsed 3124 | -10/Subcaves | Core integrity fell below 20% 3333 | -10/Subcaves | Build established: Mutant 3367 | -10/Subcaves | Destroyed by Shrapnel Trap Last Messages --------------- D1-I8V(R) suffers critical hit (Destroy). D1-I8V(R) knocked back. Dropped Broken Sub. Machine Gun. Scrap Shield destroyed. HV Slug penetrates Wall. HV Slug penetrates D1-I8V(R). D1-I8V(R) suffers critical hit (Destroy). D1-I8V(R) destroyed. Acquired 28 matter. 05-2LZ(R) suffers critical hit (Destroy). 05-2LZ(R) destroyed. L5-XDM(R) destroyed. Acquired Sub. Monowheel. Acquired 14 matter. Dropped Lgt. Treads. Acquired Sub. Monowheel. Destroyed Phase Shifter. KB-F4S(u) builds Twisted Machinery. Triggered Shrapnel Trap. An expanding cloud of shrapnel blasts out in all directions. Map ----- +----------------------------------------------------+ | ?????????????????????????????????????????????????? | | ?????????????????????????????????????????????????? | | ?????????????????????????????????????????????????? | | ?????????????????????????????????????????????????? | | ?????????????????????????????????????????????????? | | ?????????????????????????????????????????????????? | | ?????????????????????????????????????????????????? | | ?????????????????????????????????????????????????? | | ?????????????????????????????????????????????????? | | ?????????????????????????????????????????????????? | | ?????????????????????????????????????????????????? | | ?????????????????? ??????????????????????????????? | | ?????????????????? ??????????????????????????????? | | ????????????????? %#?????????????????????????????? | | ???????????????? ?????????????????????????????? | | ????????????????# ??????????#??????????????????? | | ??????????????### ?????????? ??????????????????? | | ?????????????? ???????? ##????? ???????????? | | ??????????????? &=["???????? #??## ??????????? | | ????????????????"&%" ??????? g## ??????????? | | ????????????????#!&& ??????? ??????????? | | ????????????????# " ?#???? ?????????? | | ??????????????????" # ???? ?????????? | | ???????????????????# ##?? #???????????? | | ???????????????####?#h ### #???????????? | | ??????????????## ### @ #???????????? | | ??????????????# #?????????? | | ??????????????# #### #??????????? | | ??????????##??# ##??###### ##??????????? | | ??????????# ### #??###?????#### =#???????????? | | ??????????# #?## ###?????????#???????????? | | ??????????## ##"" ## ??????????????????????? | | ???????????## #####" #??????????????????????? | | ????????????# ##??#" ##?????###?????????????? | | ????????????# #???# #????## #?????????????? | | ????????????# ##### #???## #?????????????? | | ???????????## ###"## ###?# ##????????????? | | ???????????# # #??# ##???????????? | | ???????????## # ## #### ##??????????? | | ???????????# # #### ## ##?????????? | | ??????????## # #### #?????????? | | ??????????# ## #?????????? | | ??????????# ### ##?????????? | | ??????????# ### ###?## ## ##??????????? | | ??????????# ##?#####????# ## ##??????????? | | ????????### #??????????## ## ###????????? | | #####???# #?????????## ### ##???????? | | #???##" #????????## ##?## ##??????? | | #????## #??????# #???## #??????? | | ?????### ##??????# ###???## #??????? | +----------------------------------------------------+ Best States ------------- Heat Dissipation 25 Energy Generation 14 Energy Capacity 250 Matter Stores 300 Matter Capacity 300 Sight Range 16 Terrain Scan Density 10 Armor Coverage 800 Evasion (%) 44 Targeting Accuracy 5 Recoil Reduction 2 Item Schematics ----------------- None Robot Schematics ------------------ None Fabricated ------------ Nothing Repaired ---------- Nothing Studied --------- None Alien Tech Used ----------------- None Achievements -------------- Survival Of The Most Covered Challenges ------------ None Game ------ Seed MetaCloakingProtomatter Manual? 0 Play Time 00:25:35 Cumulative 19.0 hours Start 2025.11.24 @ 01:24:15 End 2025.11.24 @ 01:58:54 Sessions 1 Manual Loads 0 Difficulty Rogue Special Mode None Game No. 39 Rogue 39 Adventurer 0 Explorer 0 Win Type - Total 0 Types 0/0/0/0/0/0/0/0/0/0 Lore% 13 Gallery% 18 Achievement% 14 Wizard Run 0 Options --------- Layout 0 ASCII 0 Keyboard 0 Movement Numpad Keybinds 0 Fullscreen 1 Font 18/SmallcapsGlow Map View 76x50 Zoom Use 0% Tactical HUD 0 Map Filters NONE Filters NONE Steam 1 RUN: 80524fd4-bfa9-410a-a4f6-d0883c267949